 Dungeon Crawl Stone Soup version 0.30-a0-1094-g860fb061e7 (webtiles) character file.

Game seed: 12321784263205823746

159 Darkkill the Shooter (level 5, -3/46 HPs)
             Began as a Minotaur Hunter on Apr 17, 2023.
             Slain by Sigmund
             ... wielding a +1 scythe of protection
              (9 damage)
             ... on level 3 of the Dungeon.
             The game lasted 00:05:50 (2144 turns).

Darkkill the Shooter (Minotaur Hunter)              Turns: 2144, Time: 00:05:51

Health: -3/46      AC:  3    Str: 21    XL:     5   Next: 17%
Magic:  4/4        EV: 10    Int:  6    God:
Gold:   172        SH:  0    Dex: 16    Spells: 4/4 levels left

rFire   . . .      SeeInvis .    a - +0 shortbow (freeze)
rCold   . . .      Faith    .    (shield currently unavailable)
rNeg    . . .      Spirit   .    c - +0 leather armour
rPois   .          Reflect  .    (helmet restricted)
rElec   .          Rampage  .    (no cloak)
rCorr   .                        (no gloves)
Will    .....                    (no boots)
Stlth   +                        (no amulet)
HPRegen 0.27/turn                j - +6 ring of strength
MPRegen 0.09/turn                (no ring)

@: confused, grasped by roots, constricted
A: horns 2, retaliatory headbutt
a: no special abilities


You were on level 3 of the Dungeon.
You visited 1 branch of the dungeon, and saw 3 of its levels.

You collected 172 gold pieces.

Inventory:

Hand Weapons
 a - a +0 shortbow of freezing (weapon)
Missiles
 g - 8 poisoned darts
 i - 19 stones
Armour
 c - a +0 leather armour (worn)
 o - a +0 pair of gloves
Jewellery
 j - a +6 ring of strength (left hand)
Scrolls
 b - a scroll of immolation
 l - a scroll of identify {@r1}
Potions
 d - a potion of might
 e - 2 potions of flight
 f - a potion of attraction
 k - a potion of mutation
 m - a potion of invisibility {unknown}
 n - a potion of magic {unknown}
 p - a potion of experience {unknown}


   Skills:
 + Level 3.8 Fighting
 + Level 5.2 Ranged Weapons
 + Level 3.5 Dodging
 + Level 2.2 Stealth


You had 4 spell levels left.
You didn't know any spells.
Your spell library was empty.

Dungeon Overview and Level Annotations

Branches:
Dungeon (3/15)

Altars:
Ashenzari

Shops:
D:3 (

Annotations:
D:2 1 runed translucent door, Crazy Yiuf
D:3 Sigmund


Innate Abilities, Weirdness & Mutations

You have a pair of horns on your head.
You reflexively headbutt those who attack you in melee.


Message History

You see here a rat corpse.
An endoplasm comes into view.
You shoot an arrow. The arrow hits the endoplasm.
The arrow freezes the endoplasm.
The endoplasm quivers.
The endoplasm is almost dead.
An endoplasm is nearby!
You shoot an arrow. The arrow hits the endoplasm!
The arrow freezes the endoplasm.
You kill the endoplasm!
Sigmund and an ogre come into view.
Sigmund is wielding a +1 scythe of protection and carrying a wand of roots (4).
Fire: a) +0 shortbow (freeze)
Press: ? - help, Q - select action, (/) - cycle Shift-Dir - straight line, f - Sigmund
Aim: Sigmund, wielding a +1 scythe of protection, wearing a +0 robe and carrying a wand of roots (4) (wandering, hasn't noticed you, 60% to hit)
You shoot an arrow. The arrow hits Sigmund.
The arrow freezes Sigmund.
Sigmund is lightly wounded.
Fire: a) +0 shortbow (freeze)
Press: ? - help, Q - select action, (/) - cycle Shift-Dir - straight line, f/p - Sigmund
Aim: Sigmund, wielding a +1 scythe of protection, wearing a +0 robe and carrying a wand of roots (4) (lightly wounded, 60% to hit)
You shoot an arrow. The arrow closely misses Sigmund.
Sigmund barely misses you.
Fire: a) +0 shortbow (freeze)
Press: ? - help, Q - select action, (/) - cycle Shift-Dir - straight line, f/p - Sigmund
Aim: Sigmund, wielding a +1 scythe of protection, wearing a +0 robe and carrying a wand of roots (4) (lightly wounded, 60% to hit)
You shoot an arrow.
The arrow hits Sigmund but does no damage.
Sigmund is lightly wounded.
Sigmund hits you from afar with a +1 scythe of protection.
Read: scroll of poison
Press: ? - help, Q - select action, (/) - cycle Dir - look around, f - activate Look: Sigmund, wielding a +1 scythe of protection, wearing a +0 robe and carrying a wand of roots (4) (lightly wounded)
The air fills with toxic fumes!
As you read the scroll of poison, it crumbles to dust.
Fire: a) +0 shortbow (freeze)
Press: ? - help, Q - select action, (/) - cycle Shift-Dir - straight line, f/p - Sigmund
Aim: Sigmund, wielding a +1 scythe of protection, wearing a +0 robe and carrying a wand of roots (4) (lightly wounded, 60% to hit)
You shoot an arrow. The arrow barely misses Sigmund.
The ogre shouts!
Sigmund zaps a wand.
The roots erupt in riotous growth!
The grasping roots grab you! The grasping roots constrict you.
Fire: a) +0 shortbow (freeze)
Press: ? - help, Q - select action, (/) - cycle Shift-Dir - straight line, f/p - Sigmund
Aim: Sigmund, wielding a +1 scythe of protection, wearing a +0 robe and carrying a wand of roots (3) (lightly wounded, 60% to hit)
You shoot an arrow. The arrow closely misses Sigmund.
Sigmund barely misses you. The grasping roots constrict you.
Fire: a) +0 shortbow (freeze)
Press: ? - help, Q - select action, (/) - cycle Shift-Dir - straight line, f/p - Sigmund
Aim: Sigmund, wielding a +1 scythe of protection, wearing a +0 robe and carrying a wand of roots (3) (lightly wounded, 60% to hit)
You shoot an arrow. The arrow hits Sigmund.
The arrow freezes Sigmund.
Sigmund is moderately wounded.
Sigmund hits you from afar with a +1 scythe of protection.
The grasping roots constrict you.
The grasping roots release their grip on you.
Fire: a) +0 shortbow (freeze)
Press: ? - help, Q - select action, (/) - cycle Shift-Dir - straight line, f/p - Sigmund
Aim: Sigmund, wielding a +1 scythe of protection, wearing a +0 robe and carrying a wand of roots (3) (moderately wounded, 60% to hit)
You shoot an arrow.
The arrow hits Sigmund but does no damage.
Sigmund is moderately wounded.
Sigmund zaps a wand.
The roots erupt in riotous growth!
The grasping roots grab you! The grasping roots constrict you.
Fire: a) +0 shortbow (freeze)
Press: ? - help, Q - select action, (/) - cycle Shift-Dir - straight line, f/p - Sigmund
Aim: Sigmund, wielding a +1 scythe of protection, wearing a +0 robe and carrying a wand of roots (2) (moderately wounded, 60% to hit)
You shoot an arrow. The arrow hits Sigmund.
The arrow freezes Sigmund.
Sigmund is moderately wounded.
Sigmund hits you but does no damage. The grasping roots constrict you.
Fire: a) +0 shortbow (freeze)
Press: ? - help, Q - select action, (/) - cycle Shift-Dir - straight line, f/p - Sigmund
Aim: Sigmund, wielding a +1 scythe of protection, wearing a +0 robe and carrying a wand of roots (2) (moderately wounded, 60% to hit)
You shoot an arrow. The arrow closely misses Sigmund.
Sigmund casts a spell at you.
You are confused.
The grasping roots constrict you.
* * * LOW HITPOINT WARNING * * *
Non-targeted confused fire: a) +0 shortbow (freeze)
Press: ? - help, Q - select action, (/) - cycle Dir - look around, f - activate You shoot an arrow.
Sigmund barely misses you. The grasping roots constrict you.
* * * LOW HITPOINT WARNING * * *
The grasping roots release their grip on you.
Non-targeted confused fire: a) +0 shortbow (freeze)
Press: ? - help, Q - select action, (/) - cycle Dir - look around, f - activate
Okay, then.
You are too confused!
Non-targeted confused fire: a) +0 shortbow (freeze)
Press: ? - help, Q - select action, (/) - cycle Dir - look around, f - activate You shoot an arrow.
Sigmund zaps a wand.
The roots erupt in riotous growth!
The grasping roots grab you! The grasping roots constrict you.
* * * LOW HITPOINT WARNING * * *
Non-targeted confused fire: a) +0 shortbow (freeze)
Press: ? - help, Q - select action, (/) - cycle Dir - look around, f - activate You shoot an arrow.
Sigmund hits you from afar with a +1 scythe of protection!
You die...

#. ##...## # ## #.### #
§### #§ #. #
☼°○§##°####### #.
☼.○.§§☼°.§☼# #.
☼○?.○#○§#.# #§.○°☼#..#
# .##○☼☼°#...# #
...#.@#..#.# ####
°§☼§○@§#§§☼.§## #..#
#☼#☼#☼#.§§○§§☼### #.##
O☼§○§..#.§§§§§.# ##.#.
#
○#☼.#..##○§§#.####....
##§#....##.§#§..†......
##..#......##.####....
##........##.# ##.#.
###.#######.# #.#.


You could see an ogre and Sigmund.

Vanquished Creatures
  An iguana (D:3)
  Terence (D:2)
  2 adders
  A shadow imp (D:3)
  4 worms (D:2)
  2 dart slugs
  3 ball pythons
  5 endoplasms
  5 giant cockroaches
  4 goblins
  8 hobgoblins
  12 jackals
  6 kobolds
  2 quokkas (D:1)
  2 bats
  2 frilled lizards
  7 rats
67 creatures vanquished.

Notes
Turn   | Place    | Note
-------+----------+-------------------------------------------
     0 | D:1      | Darkkill the Minotaur Hunter began the quest for the Orb.
     0 | D:1      | Reached XP level 1. HP: 18/18 MP: 0/0
   122 | D:1      | Reached skill level 1 in Stealth
   145 | D:1      | Reached XP level 2. HP: 25/25 MP: 1/1
   392 | D:1      | Found a faded altar of an unknown god.
   494 | D:2      | Noticed Terence
   503 | D:2      | Killed Terence
   504 | D:2      | Reached XP level 3. HP: 23/31 MP: 2/2
   739 | D:2      | Reached XP level 4. HP: 38/38 MP: 3/3
   874 | D:2      | Found a broken altar of Ashenzari.
  1181 | D:2      | Reached skill level 5 in Ranged Weapons
  1186 | D:2      | Found a runed translucent door.
  1187 | D:2      | Noticed Crazy Yiuf
  1917 | D:3      | Found Ynnib's Weapon Shoppe.
  2078 | D:3      | Reached XP level 5. HP: 46/46 MP: 4/4
  2131 | D:3      | Noticed Sigmund
  2131 | D:3      | Noticed an ogre
  2143 | D:3      | HP: 6/46 [constriction (4)]
  2144 | D:3      | Slain by Sigmund

Illustrated notes

Levels and vault maps discovered:
D:1:      wander_arrival_lonely_grave, layout_rooms,
          chequers_ecumenical_altar_island, minmay_pentomino_r4
D:2:      layout_loops_corners, basic_altar, serial_rivers,
          chequers_serial_rivers_small_3, chequers_serial_rivers_small_3,
          chequers_serial_rivers_small_b, chequers_serial_rivers_micro_c,
          chequers_serial_rivers_small_3, uniq_crazy_yiuf_cottage, uniq_terence
D:3:      wad_pebble_path, layout_loops_ring, serial_shops,
          nicolae_shop_bloodbath_and_beyond, hangedman_decor_opposing,
          solitary_fountain, uniq_sigmund

Skill      XL: |  1  2  3  4 |
---------------+-------------+-----
Stealth        | 1 2 |  2.2
Fighting       | 3 |  3.8
Dodging        | 3 |  3.5
Ranged Weapons | 5 |  5.2

Action                     |  1- 3 |  4- 6 || total
---------------------------+-------+-------++-------
   Fire: Shortbow          |    86 |   110 ||   196
    Use: Scroll            |     4 |     7 ||    11
 Armour: Leather armour    |    14 |     7 ||    21
  Dodge: Dodged            |    42 |    29 ||    71

Table legend: (Time is in decaauts)
 A = Elapsed time spent in this place.
 B = Non-inter-level travel time spent in this place.
 C = Inter-level travel time spent in this place.
 D = Time resting spent in this place.
 E = Time spent auto-exploring this place.
 F = Levels seen in this place.
 G = Mean time per level.
                   A        B        C        D        E       F      G
               +--------+--------+--------+--------+--------+-----+--------+
         Total |   2221 |   2111 |    110 |    135 |   1599 |   3 |  740.3 |
       Dungeon |   2221 |   2111 |    110 |    135 |   1599 |   3 |  740.3 |
               +--------+--------+--------+--------+--------+-----+--------+

Top non-repeatable levels by time:
     D:2: 1385 daAuts
     D:1: 517 daAuts
     D:3: 318 daAuts

Table legend:
 A = Kills in this place as a percentage of kills in the entire game.
 B = Kills by you in this place as a percentage of kills by you in the entire game.
 C = Kills by friends in this place as a percentage of kills by friends in the entire game.
 D = Other kills in this place as a percentage of other kills in the entire game.
 E = Experience gained in this place as a percentage of experience gained in the entire game.
 F = Experience gained in this place divided by the number of levels of this place that you have seen.
                   A       B       C       D       E      F
               +-------+-------+-------+-------+-------+----------------------
         Total | 100.0 | 100.0 |   N/A |   N/A | 100.0 |  76.0
       Dungeon | 100.0 | 100.0 |   N/A |   N/A | 100.0 |  76.0
               +-------+-------+-------+-------+-------+----------------------
